 Dungeon Crawl Stone Soup version 0.31-a0-875-g02e7d12df6 (webtiles) character file.

Game seed: 8147822860849360283

2460894 Charly the Slayer (level 27, 69/170 HPs)
             Began as a Vine Stalker Fighter on Oct 11, 2023.
             Was an Initiate of Gozag.
             Escaped with the Orb
             ... and 4 runes on Oct 12, 2023!
             The game lasted 02:57:02 (63643 turns).

Charly the Slayer (Vine Stalker Fighter)           Turns: 63643, Time: 02:57:03

Health: 69/170     AC: 53    Str: 39    XL:     27
Magic:  17/44      EV: 20    Int: 10    God:    Gozag
Gold:   2926       SH:  0    Dex: 26    Spells: 58/58 levels left

rFire   + + .        a - +9 lajatang (speed)
rCold   + . .        (shield currently unavailable)
rNeg    . . .        G - +12 gold dragon scales
rPois   +            p - +3 crown of Dyrovepreva {rElec Int+2 SInv}
rElec   +            y - +4 dragonskin cloak
rCorr   +            O - +3 pair of gauntlets of War {Slay+5}
SInv    +            K - +2 pair of boots {Fly}
Will    +++..        Q - amulet of Laibah Wape {Spirit Dex+5 Slay+3} Stlth
                     i - ring of Ephemeral Luck {rPois rF+ Str+5 Dex+6}
HPRegen 1.28/turn    C - ring "Icwaqop" {rCorr Str+2 Slay+3}
MPRegen 0.29/turn

%: guardian spirit
@: gold aura, flying, glowing, studying 3 skills
A: fangs 3, regeneration 1, magic shield, antimagic bite, no potion heal 2,
electricity resistance, subdued magic 1, MP-powered wands
0: Orb of Zot
}: 4/15 runes: decaying, slimy, silver, gossamer
a: Renounce Religion, Potion Petition, Call Merchant, Bribe Branch


You escaped.
You worshipped Gozag.
Gozag was most pleased with you.
You visited 11 branches of the dungeon, and saw 53 of its levels.
You also visited: Ice Cave and Volcano.

You collected 34219 gold pieces.
You spent 12324 gold pieces at shops.
You paid 18969 gold pieces to Gozag.

Inventory:

Hand Weapons
 a - a +9 lajatang of speed (weapon)
 U - a +0 sacred scourge of holy wrath
Missiles
 v - 16 curare-tipped darts (quivered)
 B - 3 throwing nets
Armour
 b - the +9 scales of the Dragon King {rPois rF+ rC+ Will+}
   (You bought it in a shop on level 2 of the Depths)

   rF+:       It protects you from fire.
   rC+:       It protects you from cold.
   rPois:     It protects you from poison Will+: It increases your willpower.
 p - the +3 crown of Dyrovepreva (worn) {rElec Int+2 SInv}
   (You found it on level 1 of the Elven Halls)

   Int+2:     It affects your intelligence (+2).
   rElec:     It insulates you from electricity.
   SInv:      It lets you see invisible.
 y - the +4 dragonskin cloak (worn)
   (You took it off Tiamat on level 4 of the Realm of Zot)

   Avatar's Aegis: It grants the wearer a chance to resist fire, cold, poison,
   electricity, acid, and negative energy.
 G - +12 gold dragon scales (worn)
 K - a +2 pair of boots of flying (worn)
 O - the +3 pair of gauntlets of War (worn) {Slay+5}
   (You found it on level 1 of the Depths)

   Slay+5:    It affects your accuracy & damage with ranged weapons and melee
   (+5).
Jewellery
 c - the ring "Wuv Pab" {rPois rC+ MP+9}
   (You acquired it on level 3 of the Vaults)

   [ring of poison resistance]

   rC+:       It protects you from cold.
   rPois:     It protects you from poison MP+9: It affects your magic capacity
   (+9).
 f - the ring "Foxkikoh" {rElec rF+ Slay+2}
   (You found it on level 1 of the Depths)

   [ring of protection from fire]

   Slay+2:    It affects your accuracy & damage with ranged weapons and melee
   (+2).
   rF+:       It protects you from fire.
   rElec:     It insulates you from electricity.
 i - the ring of Ephemeral Luck (left hand) {rPois rF+ Str+5 Dex+6}
   (You took it off a deep elf death mage on level 3 of the Elven Halls)

   [ring of protection from fire]

   Str+5:     It affects your strength (+5).
   Dex+6:     It affects your dexterity (+6).
   rF+:       It protects you from fire.
   rPois:     It protects you from poison
 n - the ring of the Unstoppable Seers {rN+ rCorr Int+2 Dex+5}
   (You found it on level 1 of the Depths)

   [ring of resist corrosion]

   Int+2:     It affects your intelligence (+2).
   Dex+5:     It affects your dexterity (+5).
   rN+:       It protects you from negative energy.
   rCorr:     It protects you from acid and corrosion.
 C - the ring "Icwaqop" (right hand) {rCorr Str+2 Slay+3}
   (You bought it in a shop on level 1 of the Depths)

   [ring of resist corrosion]

   Str+2:     It affects your strength (+2).
   Slay+3:    It affects your accuracy & damage with ranged weapons and melee
   (+3).
   rCorr:     It protects you from acid and corrosion.
 Q - the amulet of Laibah Wape (around neck) {Spirit Dex+5 Slay+3}
   (You found it on level 1 of the Spider Nest)

   [amulet of guardian spirit]

   Spirit:    It causes incoming damage to be divided between your reserves of
   health and magic.
   Dex+5:     It affects your dexterity (+5).
   Slay+3:    It affects your accuracy & damage with ranged weapons and melee
   (+3).
Wands
 s - a wand of iceblast (56)
 H - a wand of paralysis (33)
 J - a wand of digging (9)
 M - a wand of mindburst (32)
 N - a wand of flame (83)
 P - a wand of acid (26)
Scrolls
 e - 8 scrolls of fog
 g - 6 scrolls of revelation
 h - 28 scrolls of teleportation
 j - 9 scrolls of butterflies
 l - 4 scrolls of brand weapon
 u - 3 scrolls of silence
 w - 9 scrolls of vulnerability
 x - 2 scrolls of fear
 D - 4 scrolls of enchant armour
 E - 8 scrolls of poison
 F - 17 scrolls of immolation
 I - 6 scrolls of blinking
Potions
 k - 10 potions of ambrosia
 m - 5 potions of mutation
 o - 16 potions of curing
 q - 13 potions of attraction
 r - a potion of invisibility
 t - 7 potions of lignification
 z - 9 potions of cancellation
 A - 5 potions of magic
 L - 6 potions of might
 S - 5 potions of berserk rage
 T - 8 potions of enlightenment
 X - 2 potions of haste
 Y - 4 potions of resistance
Miscellaneous
 d - a sack of spiders
 R - a phial of floods
 V - a lightning rod (4/4)
 W - a phantom mirror
 Z - a condenser vane


   Skills:
 * Level 25.7 Fighting
 - Level 12.0(14.0) Maces & Flails
 - Level 11.9(14.0) Staves
 * Level 21.0 Armour
 + Level 15.5 Dodging
 - Level 5.0 Shields
 - Level 16.0 Spellcasting
 - Level 15.0 Evocations


You had 58 spell levels left.
You didn't know any spells.
Your spell library contained the following spells:

 Spells                   Type           Power      Damage    Failure   Level
 Apportation              Tloc           12%        N/A       34%         1
 Freeze                   Ice            24%        1d4       34%         1
 Magic Dart               Conj           24%        1d4       34%         1
 Necrotise                Necr           24%        1d5       34%         1
 Summon Small Mammal      Summ           24%        N/A       34%         1
 Blink                    Tloc           12%        N/A       47%         2
 Call Imp                 Summ           12%        N/A       47%         2
 Cigotuvi's Dreadful Rot  Necr/Pois/Air  12%        N/A       47%         2
 Ensorcelled Hibernation  Hex/Ice        12%        N/A       47%         2
 Jinxbite                 Hex            12%        N/A       47%         2
 Lesser Beckoning         Tloc           12%        N/A       47%         2
 Passwall                 Tmut/Erth      5%         N/A       47%         2
 Poisonous Vapours        Pois/Air       12%        N/A       47%         2
 Sublimation of Blood     Necr           6%         N/A       47%         2
 Wereblood                Tmut           6%         N/A       47%         2
 Call Canine Familiar     Summ           6%         N/A       73%         3
 Frozen Ramparts          Ice            12%        1d2       73%         3
 Gell's Gravitas          Tloc           6%         N/A       73%         3
 Ignite Poison            Fire/Tmut/Pois 6%         N/A       73%         3
 Inner Flame              Hex/Fire       6%         N/A       73%         3
 Mephitic Cloud           Conj/Pois/Air  6%         N/A       73%         3
 Sigil of Binding         Hex            6%         N/A       73%         3
 Stone Arrow              Conj/Erth      12%        3d7       73%         3
 Summon Guardian Golem    Hex/Summ       6%         N/A       73%         3
 Swiftness                Air            6%         N/A       73%         3
 Teleport Other           Tloc           6%         N/A       73%         3
 Tukima's Dance           Hex            6%         N/A       73%         3
 Vampiric Draining        Necr           6%         2d6       73%         3
 Volatile Blastmotes      Fire/Tloc      12%        2d11      73%         3
 Anguish                  Hex/Necr       3%         N/A       98%         4
 Animate Armour           Summ/Erth      12%        N/A       98%         4
 Cause Fear               Hex            3%         N/A       98%         4
 Dimensional Bullseye     Hex/Tloc       3%         N/A       98%         4
 Dispel Undead            Necr           6%         3d8       98%         4
 Fulminant Prism          Conj/Hex       3%         3d5       98%         4
 Iskenderun's Mystic Bla  Conj/Tloc      6%         2d4       98%         4
 Leda's Liquefaction      Hex/Erth       3%         N/A       98%         4
 Manifold Assault         Tloc           6%         N/A       98%         4
 Olgreb's Toxic Radiance  Pois           6%         N/A       98%         4
 Passage of Golubria      Tloc           6%         N/A       98%         4
 Petrify                  Tmut/Erth      6%         N/A       98%         4
 Summon Ice Beast         Ice/Summ       6%         N/A       98%         4
 Vhi's Electric Charge    Tloc/Air       12%        N/A       98%         4
 Agony                    Necr           6%         N/A       100%        5
 Arcjolt                  Conj/Air       3%         1d13      100%        5
 Fireball                 Conj/Fire      3%         3d4       100%        5
 Freezing Cloud           Conj/Ice/Air   3%         6-21      100%        5
 Irradiate                Conj/Tmut      3%         3d12      100%        5
 Metabolic Englaciation   Hex/Ice        3%         N/A       100%        5
 Silence                  Hex/Air        3%         N/A       100%        5
 Summon Forest            Summ/Tloc      3%         N/A       100%        5
 Summon Mana Viper        Hex/Summ       6%         N/A       100%        5
 Yara's Violent Unravell  Hex/Tmut       3%         3d4       100%        5
 Death Channel            Necr           3%         N/A       100%        6
 Dispersal                Tloc           3%         N/A       100%        6
 Plasma Beam              Fire/Air       3%         2x1d13    100%        6
 Starburst                Conj/Fire      3%         6d3       100%        6
 Summon Cactus Giant      Summ           3%         N/A       100%        6
 Enfeeble                 Hex            3%         N/A       100%        7
 Monstrous Menagerie      Summ           3%         N/A       100%        7
 Ozocubu's Refrigeration  Ice            3%         4d8       100%        7
 Summon Hydra             Summ           3%         N/A       100%        7
 Discord                  Hex            3%         N/A       100%        8
 Ignition                 Fire           3%         3d4       100%        8
 Lehudib's Crystal Spear  Conj/Erth      3%         10d2      100%        8
 Maxwell's Capacitive Co  Air            3%         ∞         100%        8
 Chain Lightning          Conj/Air       3%         3d4       100%        9
 Dragon's Call            Summ           3%         N/A       100%        9
 Polar Vortex             Ice            3%         N/A       100%        9
 Simulacrum               Ice/Necr       Unusable   N/A       N/A         6

Dungeon Overview and Level Annotations

Branches:
Dungeon (15/15)            Temple (1/1) D:6            Lair (5/5) D:8
  Swamp (4/4) Lair:3       Spider (4/4) Lair:3        Slime (5/5) Lair:5
    Orc (2/2) D:12            Elf (3/3) Orc:2        Vaults (5/5) D:14
  Crypt (0/3) Vaults:2     Depths (4/4) D:15            Zot (5/5) Depths:4
  IceCv (visited)         Volcano (visited)

Altars:
Ashenzari
Cheibriados
Dithmenos
Elyvilon
Fedhas
Gozag
Hepliaklqana
Kikubaaqudgha
Makhleb
Nemelex Xobeh
Okawaru
Qazlal
Ru
Sif Muna
Trog
Uskayaw
Vehumet
Wu Jian
Xom
Yredelemnul
Zin
The Shining One
Jiyva

Shops:
D:2 =   D:5 :*   D:12 ((   Orc:2 ??[=[=   Elf:1 ?   Lair:3 ?   Lair:5 !=
Swamp:3 [   Vaults:1 [=   Vaults:3 ?   Depths:1 =:=   Depths:2 [[(

Portals:
Hell: Depths:1 Depths:2 Depths:3 Depths:4
Abyss: Depths:2 Depths:3 Depths:4
Pandemonium: Orc:2 Depths:2
Ziggurat: Depths:3
Trove: D:11 (give +6 demon blade)


Innate Abilities, Weirdness & Mutations

You have razor-sharp teeth.
Your natural rate of healing is unusually fast.
When hurt, damage is shared between your health and your magic reserves.
Your bite disrupts and absorbs the magic of your enemies.
Potions cannot restore your health.
You are resistant to electric shocks. (rElec)
Your spells are a little easier to cast, but a little less powerful.
You expend magic power (3 MP) to strengthen your wands.


Message History

The hell hound dies!
Jiameq gestures.
Jiameq blinks!
A Hell Sentinel comes into view.
The Hell Sentinel stares, then turns away, jangling a coin purse.
Your bribe of the Dungeon has been exhausted.
The Tzitzimitl is no longer bribed.
The Hell Sentinel is no longer bribed.
The Hell Sentinel roars!
Jiameq gestures.
Your ancient lich barely misses the Tzitzimitl.
Your Tzitzimitl engulfs the hell hound.
Your Tzitzimitl drains the hell hound's vigour!
The hell hound seems to slow down.
The hell hound is no longer distracted by gold.
Your Tzitzimitl bites the hell hound but does no damage.
The Hell Sentinel is distracted by your dazzling golden aura.
Jiameq gestures at the hell hound.
The hell hound seems to slow down.
Your cherub hits the hell hound with a +2 long sword of flaming.
Your cherub bites the hell hound.
Your Tzitzimitl engulfs the hell hound.
Your Tzitzimitl bites the hell hound.
The Tzitzimitl calls on the powers of darkness!
Your cherub convulses!
Your body is wracked with pain!
Your ancient lich touches the Tzitzimitl.
Your Tzitzimitl misses the hell hound.
Your Tzitzimitl bites the hell hound!
The hell hound dies!
Your cherub unwields a +2 long sword of flaming.
It stops flaming.
Your cherub wields a +0 longbow.
Your cherub shoots an arrow.
The arrow hits the Tzitzimitl!!
The Hell Sentinel is no longer distracted by gold.
Jiameq gestures.
Jiameq blinks!
The Tzitzimitl calls on the powers of darkness!
Your cherub convulses!
Your body is wracked with pain!
* * * LOW HITPOINT WARNING * * *
Your ancient lich touches the Tzitzimitl.
You have escaped!

....A..$##########
......#.....########
###.###.#...##.....#
# #...#.#.≈.##..§..#
#.#.#.#.≈.##4....#
#)#.#.#.≈..1.....#
#.#.#.#.≈.##11.A$#
#.....#...##$L.1.#
#.##..###...##..@..#
#.#...# #.8.##.$&..#
#P###.###...########
# #.....#####
###...#.# ......#.#
##..###.# #......#
##.#####


You could see a neutral Hell Sentinel (distracted), a neutral Tzitzimitl
(distracted, ally target), the friendly Jiameq, a friendly ancient lich, 2
friendly Tzitzimimeh, a friendly cherub and a friendly red devil (summoned).

Vanquished Creatures
  the Royal Jelly (Slime:5)
  Tiamat (Zot:4)
  3 dread liches (Zot:5)
  Mennas (Vaults:3)
  2 orbs of fire (Zot:5)
  An ancient lich (Zot:5)
  A juggernaut (Depths:3)
  Josephina (Zot:3)
  The ghost of Deun the Eclecticist, a veteran MfIE of Vehumet (Depths:1)
  Sojobo (Vaults:2)
  Frederick (Vaults:5)
  The ghost of Hacs the Ruinous, a veteran DgCj (Depths:1)
  10 Killer Klowns
  Saint Roka (Depths:4)
  Vv (Depths:4)
  Bai Suzhen (Vaults:2)
  Parghit (Zot:2)
  Xtahua (Depths:4)
  A curse toe (Zot:1)
  15 golden dragons
  A caustic shrike (Depths:1)
  A bone dragon (Zot:4)
  2 electric golems (Zot:5)
  The ghost of Boysiah the Eclecticist, an adept DECA of Ignis (Depths:1)
  Jorgrun (Swamp:2)
  24 tentacled monstrosities
  3 liches
  25 Orb Guardians (Zot:5)
  13 quicksilver dragons
  15 acid blobs
  3 deep elf blademasters (Elf:3)
  9 titans
  A deep elf master archer (Elf:3)
  The ghost of Ge0ff the Marksoctopus, an adept OpHs of Okawaru (Spider:4)
  12 death cobs
  4 sphinxes
  Agnes (Lair:3)
  12 tengu reavers
  A thorn hunter (Swamp:4)
  11 storm dragons
  Donald (Vaults:3)
  6 shadow dragons
  Roxanne (Spider:3)
  13 draconian monks
  The ghost of Cuemocu the Scorcher, an adept GrEE of Vehumet (Elf:2)
  The ghost of Ofeolo the Thrower, an adept VSHs of Trog (Spider:1)
  8 azure jellies
  3 iron dragons
  14 fire giants
  6 draconian knights
  11 frost giants
  12 rockslimes
  10 deep elf sorcerers
  3 deep elf elementalists (Elf:3)
  5 emperor scorpions
  18 vault wardens
  9 ghost moths
  7 draconian scorchers
  The ghost of Banec the Wallflower, an adept VSFi of Uskayaw (Spider:2)
  6 draconian shifters
  11 formless jellyfish
  3 ghouls (Swamp:3)
  19 ironbound preservers
  8 draconian stormcallers
  2 orc warlords
  6 quicksilver oozes (Slime:5)
  9 draconian annihilators
  10 ironbound thunderhulks
  16 very ugly things
  2 spriggan defenders (Depths:3)
  A war gargoyle (Vaults:3)
  2 broodmothers (Spider:4)
  6 deep elf annihilators
  24 stone giants
  A vampire knight (Depths:2)
  6 eleionomae
  12 green draconians
  A lorocyproca (Depths:2)
  11 yellow draconians
  8 black draconians
  9 dire elephants
  6 deep elf demonologists
  A spark wasp (Spider:4)
  2 bunyips (Swamp:4)
  9 white draconians
  8 purple draconians
  12 red draconians
  7 deep elf death magi
  Snorg (Lair:3)
  7 ettins
  2 jiangshi (Depths:4)
  A merfolk javelineer (Depths:1)
  4 crystal guardians
  16 fire dragons
  14 yaktaur captains
  5 deep elf high priests
  20 ice dragons
  10 great orbs of eyes
  31 vault guards
  6 entropy weavers
  3 catoblepae
  20 hydras
  A rakshasa (Depths:2)
  4 peacekeepers
  2 demonspawn (Orc:2)
  2 jorogumos
  3 spriggan air magi
  7 two-headed ogres
  2 ogre magi
  5 centaur warriors
  An anaconda (Swamp:4)
  5 radroaches
  25 dancing weapons
  A death knight (D:14)
  7 alligators
  11 boulder beetles
  2 ironbound frosthearts
  A death scarab (Spider:2)
  2 deep troll earth magi
  8 deep troll shamans
  A vampire mage (Depths:4)
  8 orc high priests (Orc:2)
  2 tengu warriors
  11 demonic crawlers
  5 hell knights
  5 spriggan berserkers
  5 death yaks (Lair:4)
  20 deep elf knights
  A sun demon (D:1)
  A skyshark (Lair:4)
  6 pharaoh ants
  2 shadow wraiths (Depths:1)
  7 skeletal warriors
  3 sun moths (Spider:4)
  2 goliath frogs
  2 salamander mystics (Depths:4)
  A sixfirhy (Depths:2)
  2 iron trolls
  6 glowing orange brains
  2 bunyip zombies (Swamp:3)
  2 orange crystal statues (Depths:1)
  5 flayed ghosts
  43 deep trolls
  10 swamp dragons
  13 wizards
  5 spriggan druids
  12 orb spiders
  Pikel (D:7)
  4 bog bodies
  20 ironbound convokers
  9 lindwurms
  38 deep elf pyromancers
  18 deep elf archers
  3 spectral wolf spiders (Spider:2)
  5 steelbarb worms
  7 phantasmal warriors
  10 necromancers
  An alligator zombie (Swamp:3)
  12 harpies
  34 deep elf zephyrmancers
  3 orc sorcerers (Orc:2)
  28 wolf spiders
  6 orc knights
  A shining eye (Depths:3)
  5 cyclopes
  A mana viper (shapeshifter) (Elf:2)
  4 salamanders (Depths:4)
  31 moths of wrath
  3 manticores
  A moth of wrath (shapeshifter) (Spider:3)
  2 will-o-the-wisps
  9 black mambas
  A rust devil (Orc:2)
  26 ugly things
  2 ice statues (IceCv)
  17 elephants
  5 eyes of devastation
  18 vault sentinels
  A yaktaur zombie (Vaults:1)
  3 molten gargoyles (Volcano)
  An emperor scorpion simulacrum (Spider:2)
  A hellion (D:14)
  A guardian serpent (shapeshifter) (D:14)
  15 cane toads
  A gargoyle (D:14)
  7 torpor snails
  An unseen horror (D:13)
  Maggie (D:8)
  3 kobold demonologists (D:12)
  2 human zombies
  2 freezing wraiths
  31 yaktaurs
  6 ice devils
  A ghost moth simulacrum (Spider:2)
  11 komodo dragons
  4 efreet
  2 tengu conjurers
  7 rime drakes
  A queen bee (D:9)
  5 polar bears
  18 hornets
  8 trolls
  A bloated husk (Swamp:2)
  A tengu simulacrum (Vaults:1)
  3 meliai (Spider:4)
  Grinder (D:6)
  2 hellwings
  A tarantella (shapeshifter) (D:15)
  An alligator simulacrum (Swamp:3)
  A wolf spider simulacrum (Spider:2)
  25 tarantellas
  3 tyrant leeches
  11 dream sheep
  17 blink frogs
  Prince Ribbit (D:7)
  An ettin zombie (Vaults:1)
  35 jumping spiders
  A stone giant simulacrum (Vaults:4)
  Sigmund (D:5)
  3 air elementals
  A spriggan (shapeshifter) (D:15)
  A frost giant simulacrum (Vaults:4)
  An ettin skeleton (Vaults:1)
  24 spriggans
  3 wyverns
  2 shadows (D:12)
  31 culicivoras
  43 slime creatures
  A wyvern (shapeshifter) (Elf:2)
  3 fire bats (Lair:2)
  14 water elementals
  38 yaks
  4 fire elementals (Volcano)
  47 redbacks
  12 golden eyes
  3 wraiths
  21 vampire mosquitoes
  2 basilisks
  A chaos spawn (D:1)
  A black draconian simulacrum (Zot:3)
  A white draconian simulacrum (Zot:3)
  2 wargs (Orc:2)
  12 swamp worms
  A spectral entropy weaver (Spider:2)
  An ogre skeleton (Vaults:1)
  2 floating eyes (Depths:3)
  3 acid dragons
  A moth of wrath simulacrum (Zot:3)
  Duvessa (D:7)
  A hell hound (D:1)
  A hydra simulacrum (Swamp:3)
  26 water moccasins
  34 orc warriors
  A sky beast (shapeshifter) (Vaults:5)
  5 swamp drakes (Swamp:4)
  2 sky beasts
  9 black bears
  An ettin simulacrum (Vaults:1)
  A glowing shapeshifter skeleton (Vaults:1)
  4 boggarts
  7 ogres
  24 wolves (Lair:5)
  2 lemures (D:7)
  8 centaurs
  A phantom (D:6)
  20 bullfrogs
  A kobold brigand (D:10)
  2 gnoll sergeants
  4 earth elementals
  4 scorpions
  An ogre simulacrum (Vaults:4)
  A human skeleton (Vaults:4)
  5 wights
  Dowan (D:7)
  4 jellies
  17 killer bees
  A swamp dragon simulacrum (Swamp:3)
  2 lindwurm simulacra (IceCv)
  9 howler monkeys
  An electric eel (Lair:3)
  A human simulacrum (Vaults:1)
  8 komodo dragon simulacra (IceCv)
  6 hounds
  5 gnoll boudas
  28 orc priests
  Crazy Yiuf (D:6)
  Jessica (D:2)
  4 iguanas
  26 orc wizards
  6 acid dragon simulacra (IceCv)
  7 adders
  22 gnolls
  2 ufetubi (D:5)
  5 steam dragon simulacra (IceCv)
  A worm (D:3)
  4 dart slugs
  81 orcs
  6 bats
  5 endoplasms
  5 giant cockroaches
  5 goblins
  5 hobgoblins
  13 jackals
  6 quokkas
  8 ball pythons
  8 frilled lizards
  6 kobolds
  3 rats
2268 creatures vanquished.

Vanquished Creatures (collateral kills)
  Mlioglotl (Swamp:1)
  A deep elf blademaster (Elf:2)
  A fire dragon (Depths:3)
  A hydra (Swamp:4)
  A dancing weapon (Elf:2)
  A deep troll (Vaults:1)
  2 orc sorcerers
  A smoke demon (D:1)
  3 yaktaurs (Vaults:3)
  A tormentor (D:1)
  A redback (Spider:3)
  3 hell hounds (D:1)
  A swamp drake (Swamp:4)
  4 orc warriors
  An orc priest (Depths:4)
  4 orcs (Depths:4)
27 creatures vanquished.

Vanquished Creatures (others)
  An Orb Guardian (D:1)
  A deep elf knight (Elf:3)
  A quicksilver dragon simulacrum (Zot:3)
  A wolf spider (Spider:4)
  An elephant (Spider:3)
  An ice devil (D:1)
  A bloated husk (Swamp:3)
  A draconian simulacrum (Zot:3)
  A hell hound (D:1)
  An orc (Depths:4)
  3 ball lightnings (Depths:1)
  8 foxfires
  2 starspawn tentacles (Swamp:1)
23 creatures vanquished.

Grand Total: 2318 creatures vanquished

Notes
Turn   | Place    | Note
-------+----------+-------------------------------------------
     0 | D:1      | Charly the Vine Stalker Fighter began the quest for the
                  | Orb.
     0 | D:1      | Reached XP level 1. HP: 11/11 MP: 2/2
   103 | D:1      | Reached XP level 2. HP: 16/16 MP: 3/3
   696 | D:1      | Reached skill level 1 in Spellcasting
   747 | D:1      | Reached skill level 3 in Fighting
   747 | D:1      | Reached XP level 3. HP: 18/20 MP: 3/5
  1237 | D:2      | Identified the ring of Hiko {Ice rPois rCorr Int+3 Dex+2}
  1276 | D:2      | Found Comimuett's Jewellery Shop.
  1354 | D:2      | Noticed Jessica
  1544 | D:2      | Killed Jessica
  1545 | D:2      | Reached XP level 4. HP: 24/24 MP: 6/6
  1575 | D:2      | Got a moldy book
  2108 | D:2      | Got a vellum book
  2160 | D:3      | Found a faded altar of an unknown god.
  2237 | D:3      | Noticed an ogre
  3213 | D:3      | Reached XP level 5. HP: 28/28 MP: 7/7
  3883 | D:2      | Bought a ring of magical power for 260 gold pieces
  4134 | D:5      | Entered Level 5 of the Dungeon
  4140 | D:5      | Found a hide-covered altar of Uskayaw.
  4140 | D:5      | Noticed a +0 falchion
  4140 | D:5      | Noticed a +0 spear
  4140 | D:5      | Noticed a +0 short sword
  4141 | D:5      | Noticed a +0 dagger
  4141 | D:5      | Noticed a +0 short sword
  4141 | D:5      | Noticed Sigmund
  4141 | D:5      | Noticed a +0 spear
  4164 | D:4      | Reached XP level 6. HP: 20/33 MP: 9/10
  4344 | D:5      | Found Jorey's Assorted Antiques.
  4356 | D:5      | Found Paukhil's Book Shop.
  4438 | D:5      | Reached skill level 4 in Fighting
  4462 | D:5      | Found a broken altar of Ashenzari.
  4515 | D:5      | Found a basalt altar of Yredelemnul.
  4671 | D:5      | Killed Sigmund
  4672 | D:5      | Reached skill level 5 in Maces & Flails
  4672 | D:5      | Reached XP level 7. HP: 38/38 MP: 11/11
  4842 | D:5      | Found a bloodstained altar of Trog.
  4942 | D:5      | Noticed a +0 falchion
  4942 | D:5      | Noticed a +0 dagger
  4982 | D:5      | Reached skill level 5 in Fighting
  5256 | D:5      | Bought a scroll labelled XAASTRIS HOZO for 28 gold pieces
  5256 | D:5      | Bought a scroll labelled DAUTAN TUOPA for 28 gold pieces
  5256 | D:5      | Bought a brown potion for 25 gold pieces
  5256 | D:5      | Bought a brown potion for 25 gold pieces
  5297 | D:6      | Noticed Grinder
  5393 | D:5      | Gained mutation: You have razor-sharp teeth. [Vine Stalker
                  | growth]
  5393 | D:5      | Reached XP level 8. HP: 43/43 MP: 12/12
  5554 | D:6      | Found a staircase to the Ecumenical Temple.
  5563 | Temple   | Entered the Ecumenical Temple
  5644 | D:6      | Killed Grinder
  5704 | D:6      | Reached skill level 6 in Fighting
  5913 | D:5      | Reached XP level 9. HP: 39/47 MP: 11/13
  6020 | D:6      | Found a runed translucent door.
  6021 | D:6      | Noticed Crazy Yiuf
  6394 | D:7      | Identified the +1 robe of Complete Protection {Harm rF+++
                  | Int-4 Dex+2}
  6691 | D:7      | Noticed Prince Ribbit
  6720 | D:7      | Killed Prince Ribbit
  6721 | D:7      | Reached skill level 7 in Fighting
  7009 | D:7      | Noticed Duvessa
  7009 | D:7      | Noticed Dowan
  7026 | D:7      | Killed Duvessa
  7035 | D:7      | Killed Dowan
  7282 | D:7      | Reached skill level 10 in Maces & Flails
  7569 | D:7      | Noticed Pikel
  7593 | D:7      | Killed Pikel
  7594 | D:7      | Reached XP level 10. HP: 56/56 MP: 16/16
  7891 | D:8      | Noticed a two-headed ogre
  8134 | D:8      | Noticed Maggie
  8152 | D:8      | Killed Maggie
  8158 | D:8      | Found a staircase to the Lair.
  8311 | D:8      | Reached skill level 8 in Fighting
  8415 | Temple   | Became a worshipper of Gozag Ym Sagoz the Greedy
  9491 | D:9      | Found a stormy altar of Qazlal.
  9961 | D:5      | Bought a scroll of identify for 56 gold pieces
 10073 | D:10     | Entered Level 10 of the Dungeon
 10073 | D:10     | Noticed a two-headed ogre
 10621 | D:10     | Reached skill level 1 in Evocations
 10720 | D:10     | Killed a two-headed ogre
 10721 | D:10     | Reached skill level 5 in Spellcasting
 10721 | D:10     | Reached XP level 11. HP: 60/60 MP: 19/19
 11447 | D:11     | Reached skill level 9 in Fighting
 11612 | D:11     | You fall into a shaft and drop 1 floor!
 11613 | D:12     | Noticed a cyclops
 11617 | D:12     | Noticed a two-headed ogre
 11627 | D:12     | Noticed a boulder beetle
 11633 | D:13     | Noticed a deep elf zephyrmancer
 11646 | D:12     | Noticed a manticore
 11652 | D:12     | Killed a boulder beetle
 11653 | D:12     | Reached skill level 5 in Evocations
 11660 | D:12     | Killed a manticore
 11756 | D:11     | Noticed a two-headed ogre
 11881 | D:11     | Found a portal to a secret trove of treasure.
 12258 | Lair:1   | Entered Level 1 of the Lair of Beasts
 12826 | Lair:1   | Reached XP level 12. HP: 67/67 MP: 21/21
 12867 | Lair:1   | Noticed a catoblepas
 12887 | Lair:1   | Killed a catoblepas
 13001 | Lair:1   | Found a bloodstained altar of Trog.
 13331 | Lair:2   | Reached skill level 10 in Fighting
 13356 | Lair:2   | Found a dark tunnel.
 13366 | Volcano  | Entered a volcano
 13778 | Volcano  | Identified the +0 hat of Hedge Wizardry {Regen+ Int-4 SInv
                  | Stlth-}
 13937 | Lair:2   | You fall into a shaft and drop 1 floor!
 14002 | Lair:2   | Reached skill level 5 in Shields
 14034 | Lair:2   | Identified a scroll of acquirement
 14035 | Lair:2   | Acquired a manual of Maces & Flails
 14694 | Lair:3   | Noticed Snorg
 14705 | Lair:3   | Killed Snorg
 14706 | Lair:3   | Reached skill level 11 in Fighting
 14706 | Lair:3   | Reached XP level 13. HP: 74/74 MP: 24/24
 15091 | Lair:3   | Identified the +4 scale mail "Qofiduol" {Regen+}
 15419 | Lair:3   | Reached skill level 12 in Fighting
 15502 | Lair:3   | Identified the +8 war axe of Purpose {flame, Drain rC+
                  | Str+2 Dex+2}
 15670 | Lair:3   | Found a staircase to the Swamp.
 15808 | Lair:3   | Found a hole to the Spider Nest.
 16155 | D:2      | Bought a +4 ring of slaying for 1014 gold pieces
 16459 | Lair:4   | Reached skill level 5 in Armour
 16817 | Lair:4   | Reached XP level 14. HP: 81/81 MP: 25/25
 16833 | Lair:4   | Reached skill level 10 in Evocations
 16889 | Lair:4   | Reached skill level 13 in Fighting
 16928 | Lair:4   | Noticed Sonja
 16929 | Lair:4   | Sonja changed into Sonja the black bear
 16929 | Lair:4   | Noticed Sonja
 16936 | Lair:4   | Killed Sonja the black bear
 17213 | Lair:5   | Entered Level 5 of the Lair of Beasts
 17683 | Lair:5   | Found a viscous altar of Jiyva.
 17683 | Lair:5   | Found a staircase to the Slime Pits.
 17836 | Lair:5   | Reached skill level 1 in Dodging
 18649 | Lair:5   | Reached skill level 14 in Fighting
 19103 | D:11     | Found a portal to a secret trove of treasure.
 19422 | D:12     | Bought a glowing morningstar for 217 gold pieces
 19423 | D:12     | Bought a pitted war axe for 263 gold pieces
 19423 | D:12     | Identified the +1 war axe "Zeasimidd" {vamp, Int+2} (You
                  | bought it in a shop on level 12 of the Dungeon)
 19848 | D:12     | Found a staircase to the Orcish Mines.
 20161 | D:12     | Bought a glowing dire flail for 217 gold pieces
 20163 | D:12     | Bought a runed mace for 168 gold pieces
 20177 | D:12     | Upgraded the game from 0.31-a0-868-g674d60d6f7 to
                  | 0.31-a0-875-g02e7d12df6
 20412 | D:12     | Reached XP level 15. HP: 88/88 MP: 27/27
 21825 | D:14     | Found a gate to the Vaults.
 22412 | D:14     | Reached skill level 15 in Fighting
 22747 | D:15     | Entered Level 15 of the Dungeon
 22893 | D:15     | Found a staircase to the Depths.
 23694 | D:6      | Killed Crazy Yiuf
 23852 | Orc:1    | Entered Level 1 of the Orcish Mines
 23857 | Orc:1    | Reached XP level 16. HP: 95/95 MP: 30/30
 24139 | Orc:1    | You fall into a shaft and drop 1 floor!
 24139 | Orc:2    | Entered Level 2 of the Orcish Mines
 24173 | Orc:2    | Reached skill level 5 in Dodging
 24336 | Orc:2    | Found Doutaria's Magic Scroll Emporium.
 24341 | Orc:2    | Found Niurr's Magic Scroll Shoppe.
 24434 | Orc:2    | Found a frozen archway.
 24461 | IceCv    | Entered an ice cave
 24878 | IceCv    | Identified the ring "Raod" {Fire *Slow rCorr Str+4 Dex+3}
 24881 | IceCv    | Identified the ring "Daenin" {Drain rC+ Str+3 Int+3}
 25665 | Orc:2    | Bought a scroll of identify for 28 gold pieces
 25665 | Orc:2    | Bought a scroll of blinking for 105 gold pieces
 25665 | Orc:2    | Bought a scroll of teleportation for 42 gold pieces
 25665 | Orc:2    | Bought a scroll of butterflies for 56 gold pieces
 25666 | Orc:2    | Bought a scroll of identify for 28 gold pieces
 25669 | Orc:2    | Bought a scroll of fog for 68 gold pieces
 25669 | Orc:2    | Bought a scroll of silence for 161 gold pieces
 25669 | Orc:2    | Bought a scroll of teleportation for 51 gold pieces
 25669 | Orc:2    | Bought a scroll of teleportation for 51 gold pieces
 25669 | Orc:2    | Bought a scroll of enchant armour for 127 gold pieces
 26168 | Orc:2    | Found Edeor's Antique Armour Boutique.
 26168 | Orc:2    | Found Kecvua Bouqe's Jewellery Shop.
 26169 | Orc:2    | Found a one-way gate leading to the halls of Pandemonium.
 26375 | Orc:2    | Found a staircase to the Elven Halls.
 26911 | Spider:1 | Entered Level 1 of the Spider Nest
 26911 | Spider:1 | Noticed Agnes
 26926 | Lair:3   | Killed Agnes
 27016 | Lair:3   | Reached skill level 1 in Staves
 27343 | Spider:1 | Reached skill level 5 in Staves
 27907 | Spider:1 | Found a large runed translucent door.
 27907 | Spider:1 | Found a large runed translucent door.
 27908 | Spider:1 | Noticed Ofeolo's ghost (adept VSHs)
 28007 | Spider:1 | Reached XP level 17. HP: 79/100 MP: 24/31
 28186 | Spider:1 | Identified the amulet of Laibah Wape {Spirit Dex+5 Slay+3}
 29227 | Spider:2 | Found a transporter.
 29279 | Spider:2 | Found a transporter.
 29718 | Spider:2 | Noticed Banec's ghost (adept VSFi)
 29743 | Spider:2 | Killed Banec's ghost
 29813 | Spider:3 | Noticed Roxanne
 29823 | Spider:3 | Reached skill level 10 in Staves
 30815 | Spider:3 | Killed Roxanne
 30816 | Spider:3 | Reached skill level 16 in Fighting
 30853 | Spider:4 | Entered Level 4 of the Spider Nest
 31078 | Spider:4 | Reached skill level 10 in Spellcasting
 31200 | Spider:4 | Reached XP level 18. HP: 74/105 MP: 33/33
 31593 | Spider:4 | Identified the +2 robe of Dapsoj {Harm MP+9}
 31656 | Spider:4 | Got a gossamer rune of Zot
 31964 | Spider:4 | Found a runed translucent door.
 31970 | Spider:4 | Noticed Ge0ff's ghost (adept OpHs)
 31984 | Spider:4 | Killed Ge0ff's ghost
 32473 | Spider:1 | Killed Ofeolo's ghost
 32548 | Lair:3   | Bought a scroll of butterflies for 68 gold pieces
 32548 | Lair:3   | Bought a scroll of teleportation for 51 gold pieces
 32548 | Lair:3   | Bought a scroll of butterflies for 68 gold pieces
 32548 | Lair:3   | Bought a scroll of fear for 68 gold pieces
 32548 | Lair:3   | Bought a scroll of enchant weapon for 127 gold pieces
 32548 | Lair:3   | Bought a scroll of teleportation for 51 gold pieces
 32608 | Swamp:1  | Entered Level 1 of the Swamp
 33124 | Swamp:1  | Noticed Mlioglotl
 33136 | Swamp:1  | Killed Mlioglotl
 33485 | Swamp:2  | Identified the +2 chain mail of Zin, Shifting {rF+}
 33592 | Swamp:2  | Noticed Jorgrun
 33601 | Swamp:2  | Killed Jorgrun
 33602 | Swamp:2  | Reached skill level 17 in Fighting
 34341 | Swamp:3  | Reached XP level 19. HP: 107/112 MP: 32/35
 34447 | Swamp:4  | Entered Level 4 of the Swamp
 34557 | Swamp:4  | Reached skill level 10 in Armour
 35405 | Swamp:4  | Got a decaying rune of Zot
 35456 | Swamp:4  | Acquired 979 gold pieces
 35457 | Swamp:4  | Acquired 707 gold pieces
 35458 | Swamp:4  | Acquired 768 gold pieces
 35524 | Swamp:3  | Bought the +8 orange crystal plate armour {Archmagi, Int+3
                  | Clar} for 2456 gold pieces
 35524 | Swamp:3  | Found the +8 orange crystal plate armour {Archmagi, Int+3
                  | Clar}
 35822 | Vaults:1 | Entered Level 1 of the Vaults
 36713 | Vaults:1 | Reached skill level 18 in Fighting
 37004 | Vaults:1 | Reached XP level 20. HP: 98/119 MP: 31/37
 37088 | Vaults:1 | Found Wuhou's Jewellery Emporium.
 37131 | Vaults:1 | Identified the +5 falchion of Might {heavy, *Noise rPois
                  | Int+2}
 37237 | Vaults:1 | Bought the +0 pair of boots of Truth {rElec Regen+ Int-3}
                  | for 207 gold pieces
 37308 | Vaults:2 | Noticed Bai Suzhen
 37322 | Vaults:2 | Killed Bai Suzhen
 37407 | Vaults:2 | Noticed Sojobo
 37436 | Vaults:2 | Killed Sojobo
 37791 | Vaults:2 | Acquired 736 gold pieces
 38213 | Vaults:2 | Found a staircase to the Crypt.
 38213 | Vaults:2 | Found an ancient bone altar of Kikubaaqudgha.
 38214 | Vaults:2 | Found a basalt altar of Yredelemnul.
 38374 | Vaults:2 | Paralysed by a formless jellyfish for 1 turns
 38423 | Vaults:2 | Identified the amulet "Pycvip" {Faith Contam Fly rPois}
 38436 | Vaults:2 | Identified the +5 mace of Floods {flame, Drain rF- Str+4
                  | SInv}
 38747 | Vaults:3 | Bought a scroll of fog for 72 gold pieces
 38747 | Vaults:3 | Bought a scroll of butterflies for 72 gold pieces
 38747 | Vaults:3 | Bought a scroll of teleportation for 54 gold pieces
 38747 | Vaults:3 | Bought a scroll of teleportation for 54 gold pieces
 39139 | Vaults:3 | Noticed Donald
 39147 | Vaults:3 | Killed Donald
 39275 | Vaults:3 | Noticed Mennas
 39846 | Vaults:3 | Reached XP level 21. HP: 125/125 MP: 36/38
 39859 | Vaults:3 | Killed Mennas
 40095 | Vaults:3 | Bought a scroll of acquirement for 936 gold pieces
 40095 | Vaults:3 | Acquired the ring "Wuv Pab" {rPois rC+ MP+9}
 40396 | Vaults:4 | Reached skill level 19 in Fighting
 41254 | Elf:1    | Entered Level 1 of the Elven Halls
 41405 | Elf:1    | Found the +3 crown of Dyrovepreva {rElec Int+2 SInv}
 42051 | Elf:1    | Found Zuel's Magic Scroll Boutique.
 42071 | Elf:1    | Bought a scroll of butterflies for 52 gold pieces
 42071 | Elf:1    | Bought a scroll of teleportation for 39 gold pieces
 42071 | Elf:1    | Bought a scroll of teleportation for 39 gold pieces
 42071 | Elf:1    | Bought a scroll of silence for 123 gold pieces
 42637 | Elf:2    | Found a large runed translucent door.
 42638 | Elf:2    | Found a large runed translucent door.
 42641 | Elf:2    | Noticed Cuemocu's ghost (adept GrEE)
 42850 | Elf:2    | Reached skill level 10 in Dodging
 43393 | Elf:2    | Found a runed translucent gate.
 43394 | Elf:2    | Found a runed translucent gate.
 43394 | Elf:2    | Found a runed translucent gate.
 43424 | Elf:2    | Reached XP level 22. HP: 105/132 MP: 40/40
 43690 | Elf:2    | Killed Cuemocu's ghost
 44148 | Elf:3    | Entered Level 3 of the Elven Halls
 44232 | Elf:3    | Identified the +0 quarterstaff "Plog" {heavy, Fragile rPois
                  | rN+ Will++}
 44928 | Elf:2    | Found a radiant altar of Vehumet.
 45173 | Elf:3    | Reached skill level 20 in Fighting
 45309 | Elf:3    | Identified the ring of Ephemeral Luck {rPois rF+ Str+5
                  | Dex+6}
 45858 | Elf:3    | Identified the +2 orcbow "Laxontar" {flame, rN+ Stlth+}
 45864 | Elf:3    | Identified the +2 rapier "Zecaw" {protect, Int+5}
 45874 | Elf:3    | Identified the +1 hat of Neos {Str+2}
 45881 | Elf:3    | Identified the staff "Patidd" {Int+4 Conj}
 45889 | Elf:3    | Got a shiny book
 45893 | Elf:3    | Identified the +5 quarterstaff "Okkusoru" {protect, rPois
                  | Int+4}
 45898 | Elf:3    | Got a black book
 45903 | Elf:3    | Identified the +10 falchion of Fimbulwinter {flame, *Noise
                  | rPois rF- rN+++}
 46877 | Depths:1 | Entered Level 1 of the Depths
 46900 | Depths:1 | Found a transporter.
 46908 | Depths:1 | Noticed Hacs's ghost (veteran DgCj)
 46915 | Depths:1 | Noticed a caustic shrike
 46915 | Depths:1 | Noticed Deun's ghost (veteran MfIE)
 46915 | Depths:1 | Noticed Boysiah's ghost (adept DECA)
 46922 | Depths:1 | Found a transporter.
 47074 | Depths:1 | Reached skill level 15 in Evocations
 47305 | Depths:1 | Found the +3 pair of gauntlets of War {Slay+5}
 47313 | Depths:1 | Identified the ring "Foxkikoh" {rElec rF+ Slay+2}
 47787 | Depths:1 | Found Nestin's Jewellery Shoppe.
 47787 | Depths:1 | Found Paocair's Book Shop.
 47788 | Depths:1 | Found Usaraph's Jewellery Shoppe.
 47798 | Depths:1 | Bought the ring "Icwaqop" {rCorr Str+2 Slay+3} for 700 gold
                  | pieces
 47833 | Depths:1 | Found Zin's Purification Station.
 47838 | Depths:1 | Found a glowing silver altar of Zin.
 47841 | Depths:1 | Bought a potion of curing for 90 gold pieces
 48032 | Depths:1 | Found a gateway to Hell.
 48305 | Depths:2 | Reached XP level 23. HP: 132/138 MP: 42/42
 48397 | Depths:2 | Identified the +4 rapier of Law {drain, rElec rF- rC+
                  | Dex+6}
 48440 | Depths:2 | Found Wuucimo's Armour Shoppe.
 48442 | Depths:2 | Found Duoq's Antique Armour Emporium.
 48444 | Depths:2 | Found Igoly's Antique Weapon Shoppe.
 48535 | Depths:2 | Bought the +9 scales of the Dragon King {rPois rF+ rC+
                  | Will+} for 2371 gold pieces
 48535 | Depths:2 | Found the +9 scales of the Dragon King {rPois rF+ rC+
                  | Will+}
 48658 | Depths:2 | Found a one-way gate to the infinite horrors of the Abyss.
 48801 | Depths:2 | You are sucked into a shaft and drop 2 floors!
 48801 | Depths:4 | Entered Level 4 of the Depths
 48831 | Depths:4 | Found a gate to the Realm of Zot.
 48831 | Depths:4 | Noticed a golden dragon
 48840 | Depths:4 | Killed a golden dragon
 48850 | Depths:4 | Reached skill level 15 in Armour
 48963 | Depths:4 | Noticed Xtahua
 48970 | Depths:4 | Killed Xtahua
 49291 | Depths:4 | Noticed Vv
 49292 | Depths:4 | Identified the +0 ring mail "Guocof" {rPois rC- Regen+}
 49294 | Depths:4 | Noticed Saint Roka
 49304 | Depths:4 | Killed Vv
 49305 | Depths:4 | Reached skill level 21 in Fighting
 49319 | Depths:4 | Killed Saint Roka
 49460 | Depths:4 | Reached skill level 15 in Spellcasting
 49579 | Depths:4 | Acquired the +1 cloak "Xycu" {rPois Int-3 Dex+3 SInv}
 50031 | Depths:3 | Found a one-way gateway to a ziggurat.
 50033 | Depths:3 | Paralysed by a floating eye for 3 turns
 50038 | Depths:3 | Paralysed by a floating eye for 4 turns
 50515 | Depths:3 | Noticed a juggernaut
 50562 | Depths:3 | Found a runed translucent gate.
 50562 | Depths:3 | Found a runed translucent gate.
 50562 | Depths:3 | Found a runed translucent gate.
 50601 | Depths:3 | Identified the +11 quarterstaff of Erilic {heavy, rElec
                  | rF+}
 50617 | Depths:3 | Found a runed translucent gate.
 50617 | Depths:3 | Found a runed translucent gate.
 50617 | Depths:3 | Found a runed translucent gate.
 50901 | Depths:3 | Killed a juggernaut
 50924 | Depths:3 | Reached XP level 24. HP: 145/145 MP: 43/43
 50925 | Depths:3 | Identified the +0 robe "Gezxet" {-Tele Str+6}
 50927 | Depths:3 | Identified the +2 leather armour of Absence {Int+6}
 51218 | Depths:2 | Found a basalt altar of Yredelemnul.
 51652 | Depths:2 | Bought a bronze plate armour for 1036 gold pieces
 51652 | Depths:2 | Identified the +0 plate armour of the Pirate {rN++ Int+3
                  | Stlth-} (You bought it in a shop on level 2 of the Depths)
 51801 | Depths:1 | Killed Boysiah's ghost
 51817 | Depths:1 | Killed a caustic shrike
 51832 | Depths:1 | Killed Deun's ghost
 51870 | Depths:1 | Killed Hacs's ghost
 51875 | Depths:1 | Identified the ring of Viaremp {rN+ Dex+3}
 51880 | Depths:1 | Identified the ring of the Unstoppable Seers {rN+ rCorr
                  | Int+2 Dex+5}
 52241 | Vaults:5 | Entered Level 5 of the Vaults
 52428 | Vaults:5 | Reached skill level 22 in Fighting
 52492 | Vaults:5 | Noticed Frederick
 52500 | Vaults:5 | Killed Frederick
 52644 | Vaults:5 | Identified the +3 leather armour "Wucsyt Qeam" {Contam
                  | Regen+ Dex+8}
 52689 | Vaults:5 | Identified the +2 leather armour "Ohollug" {rC+}
 52753 | Vaults:5 | Reached XP level 25. HP: 152/152 MP: 44/44
 53270 | Vaults:5 | Identified the +11 dagger of Revolt {freeze, Stlth+}
 53270 | Vaults:5 | Identified the amulet "Fopeaxzo" {Regen+ Int+2}
 53493 | Vaults:5 | Identified the +1 robe "Atohet" {Str+2}
 53949 | Vaults:5 | Got a silver rune of Zot
 53953 | Vaults:5 | Acquired 739 gold pieces
 53971 | Vaults:5 | Identified the +0 scale mail "Jopp" {rCorr Int+3 Dex+2}
 55348 | Slime:1  | Entered Level 1 of the Pits of Slime
 55360 | Slime:1  | Paralysed by a formless jellyfish for 1 turns
 55765 | Slime:5  | Entered Level 5 of the Pits of Slime
 55788 | Slime:5  | Noticed the Royal Jelly
 55796 | Slime:5  | Paralysed by a formless jellyfish for 1 turns
 55895 | Slime:5  | Reached skill level 23 in Fighting
 55998 | Slime:5  | Found a viscous altar of Jiyva.
 56044 | Slime:5  | Killed the Royal Jelly
 56110 | Slime:5  | Identified the +0 flail "Soz Pyax" {venom, rPois Str+4
                  | Int+2}
 56111 | Slime:5  | Identified the +3 hand axe of Butchery {heavy, Int+2}
 56114 | Slime:5  | Got a slimy rune of Zot
 56126 | Slime:5  | Got a levitating book
 56127 | Slime:5  | Identified the +7 ring mail of Existentialism {+Inv rElec}
 56136 | Slime:5  | Identified the +5 scale mail of Bad Feelings {rF+}
 56150 | Slime:5  | Identified the +1 robe "Reapp" {rPois}
 56171 | Slime:5  | Identified the ring "Richirph" {rCorr Dex+6}
 56195 | Slime:5  | Identified the amulet "Rawkei" {Reflect -Cast rPois rF+
                  | Str+4 SH+5}
 56235 | Slime:5  | Identified the +8 broad axe of the Pill Bug {vamp, rC+
                  | Str+4 Dex+4 Stlth+}
 56258 | Slime:5  | Identified the +7 halberd of Dufe {protect, *Rage rElec
                  | rPois Int+5}
 56748 | Lair:5   | Bought a potion of enlightenment for 110 gold pieces
 56748 | Lair:5   | Bought 2 potions of cancellation for 352 gold pieces
 56748 | Lair:5   | Bought a potion of enlightenment for 110 gold pieces
 57117 | Zot:1    | Entered Level 1 of the Realm of Zot
 57307 | Zot:1    | Identified the +7 scimitar of the Parsimonious God {heavy,
                  | rElec Str+3}
 57459 | Zot:1    | Reached XP level 26. HP: 118/160 MP: 42/44
 57493 | Zot:1    | Identified the +8 whip "Cuwosch" {heavy, Str+3}
 58321 | Zot:2    | Noticed a Killer Klown
 58336 | Zot:2    | Killed a Killer Klown
 58696 | Zot:2    | Noticed Parghit
 58701 | Zot:2    | Killed Parghit
 59062 | Zot:3    | Identified the +0 leather armour "Muoz" {rCorr Str-2 SInv
                  | Stlth+}
 59081 | Zot:3    | Acquired 865 gold pieces
 59095 | Zot:3    | Identified the ring of Nikkiq {Ice rPois Will- Dex+3}
 59095 | Zot:3    | Noticed Josephina
 59106 | Zot:3    | Reached skill level 24 in Fighting
 59122 | Zot:3    | Killed Josephina
 60041 | Zot:4    | Found the +4 dragonskin cloak
 60041 | Zot:4    | Noticed Tiamat
 60082 | Zot:4    | Reached XP level 27. HP: 122/168 MP: 44/44
 60104 | Zot:4    | Killed Tiamat
 60511 | Zot:4    | Got a black book
 61298 | Zot:5    | Entered Level 5 of the Realm of Zot
 61331 | Zot:5    | Noticed an orb of fire
 61342 | Zot:5    | Gained mutation: You expend magic power (3 MP) to
                  | strengthen your wands. [an orb of fire]
 61343 | Zot:5    | Killed an orb of fire
 61355 | Zot:5    | Noticed a dread lich
 61355 | Zot:5    | Noticed a dread lich
 61384 | Zot:5    | Killed a dread lich
 61385 | Zot:5    | Reached skill level 25 in Fighting
 61436 | Zot:5    | Noticed an orb of fire
 61436 | Zot:5    | Gained mutation: You are resistant to electric shocks.
                  | (rElec) [an orb of fire]
 61438 | Zot:5    | Gained mutation: Your spells are a little easier to cast,
                  | but a little less powerful. [an orb of fire]
 61443 | Zot:5    | Killed an orb of fire
 61494 | Zot:5    | Killed a dread lich
 61503 | Zot:5    | Reached skill level 15 in Dodging
 61994 | Zot:5    | Noticed a dread lich
 62001 | Zot:5    | Killed a dread lich
 62150 | Zot:5    | Noticed an ancient lich
 62163 | Zot:5    | Killed an ancient lich
 62862 | Zot:5    | Got the Orb of Zot
 62991 | Depths:3 | Noticed Sezyaj the pandemonium lord
 63546 | D:1      | Noticed Jiameq the pandemonium lord
 63551 | D:1      | Noticed an ancient lich
 63643 | D:$      | Escaped with the Orb!

Illustrated notes

Levels and vault maps discovered:
D:1:      dpeg_arrival_rooms_c, layout_basic, serial_aquarium,
          aquarium_bridge_straight [aquarium_subvault_bridge,
          aquarium_subvault_wall, aquarium_subvault_bridge,
          aquarium_subvault_wall], aquarium_bridge_straight
          [aquarium_subvault_bridge, aquarium_subvault_window,
          aquarium_subvault_bridge, aquarium_subvault_wall],
          aquarium_window_fake, aquarium_window_fake, aquarium_window_2,
          aquarium_window_fake, aquarium_view_2e, aquarium_view_2e,
          aquarium_balcony_double_2
D:2:      layout_basic, serial_shops, nicolae_shop_waterfront,
          dk_noncrumbling_3, kennysheep_jessica_study
D:3:      layout_loops_ring, ebering_ecumenical_altar_abandoned,
          minmay_strange_pillars
D:4:      layout_loops_corners
D:5:      layout_rooms, mainiacjoe_overflow_concentric_impassable,
          nicolae_uskayaw_en_pointe, mainiacjoe_overflow_two_lobes,
          nicolae_wooded_promenade, uniq_sigmund
D:6:      layout_cave_pools, minmay_temple_entry_grid, st_stairs_5,
          uniq_crazy_yiuf_cottage, uniq_grinder
D:7:      layout_cave_pods, uniq_pikel, uniq_prince_ribbit1, uniq_duvessa
D:8:      layout_basic, dpeg_oklobed_lair, kennysheep_generic_room_12,
          uniq_maggie
D:9:      layout_long_grid, mainiacjoe_overflow_brackets, st_stairs_2,
          nicolae_looking_at_the_future
D:10:     layout_rooms, serial_co_window_serial, co_window_corner_a,
          co_window_paths_a, co_window_paths_a, co_window_cross_1,
          co_window_paths_a, co_window_of_opportunity_a, co_window_cross_3,
          co_window_unsneaky_path_d, co_window_broadway_b,
          co_window_unsneaky_path_c, co_window_sun, co_window_4corner_b,
          glass_columns_a, glass_columns_b
D:11:     layout_cave_pools, nicolae_trove_entry_isolated,
          hellmonk_guarded_unrand_dark_maul
D:12:     layout_loops_ring, david_orc_3
D:13:     minmay_tri_stars, layout_loops_ring
D:14:     layout_loops_corners, skrybe_vaults_entry_preservation,
          amcnicky_mini_rare_corridor_liquid
D:15:     grunt_enter_depths_giant_problem, layout_rooms,
          minmay_misc_feat_hallway
Temple:   nicolae_temple_bog_church
Lair:1:   layout_long_grid, basic_altar, nicolae_quartered_pool_impasse,
          serial_bayou_pond_e, beast_lair_carwin_10, grunt_megastairs_2
Lair:2:   layout_misc_corridors, nicolae_volcano_entry_batcave
Lair:3:   layout_regular_city, nicolae_swamp_entry_splash_gauntlet,
          spider_nest_entry_funnel_web, uniq_snorg
Lair:4:   layout_misc_corridors, grunt_megastairs_1, serial_bayou_shore_b,
          uniq_sonja
Lair:5:   minmay_lair_end_enchanted_forest, layout_cave_pods,
          dpeg_slime_entry_enclosed, grunt_megastairs_4
Swamp:1:  layout_basic_swamp, evilmike_swamp_ruin_house_5,
          infiniplex_staircase_pool, uniq_mlioglotl
Swamp:2:  layout_falls_marsh, evilmike_swamp_ruin_house_6, uniq_jorgrun
Swamp:3:  layout_basic_swamp, evilmike_swamp_ruin_wall, swamp_pool1,
          nicolae_swamp_necromancer_hut
Swamp:4:  swamp_basic_johnstein, layout_basic_swamp, nicolae_swamp_snake_nest,
          infiniplex_staircase_pool_2
Spider:1: nicolae_spider_corner, ebering_ghost_disaster_area,
          nicolae_spider_nook, uniq_agnes
Spider:2: layout_spider_delve, gammafunk_ghost_mausoleum,
          einodemon_crawler_minivault
Spider:3: nicolae_spider_mines_1, uniq_roxanne
Spider:4: grunt_spider_rune_island, ebering_ghost_reflecting_pool,
          nicolae_spider_rock_and_or_roll
Slime:1:  cheibrodos_slime_lost_civilization_8, layout_caves
Slime:2:  layout_caves
Slime:3:  layout_caves
Slime:4:  layout_caves, nicolae_slime_phagocytosis
Slime:5:  slime_pit
Orc:1:    layout_caves, basic_altar
Orc:2:    pf_orc_diabolical, layout_diamond_mine, portal_ice_cave_rime
Elf:1:    minmay_elf_arrival_plus, layout_loops_corners, serial_shops, shop
Elf:2:    nicolae_elf_blades_crystal_corner, layout_loops_corners,
          ebering_ghost_disaster_area, lemuel_upstairs_altar
Elf:3:    minmay_elf_hall_statues, layout_gridlike
Vaults:1: nicolae_vaults_doubleplus_tesselated, hangedman_vaults_locks,
          hangedman_vaults_slice, nicolae_vaults_trapezoid_lopsided_4,
          vaults_mumra_hexcomb, vaults_room_semicircle,
          nicolae_vaults_stepped_doors, nicolae_vaults_circle_grid_a,
          nicolae_vaults_little_squares_6, nicolae_vaults_offset_grid_hallway_3,
          v_pattern_5, v_alt_pattern_1, layout_vaults_big_cross, serial_shops,
          shop
Vaults:2: minmay_crypt_entry_necro_gods, nicolae_vaults_steering_wheel,
          vaults_dpeg_spiral, nicolae_vaults_house_1,
          nicolae_vaults_closet_pinwheel_2, nicolae_vaults_surprise_closet,
          nicolae_vaults_border_crossing, ontoclasm_vaults_shuriken,
          nicolae_vaults_storing_the_good_stuff, layout_vaults_quadrants,
          uniq_bai_suzhen, uniq_sojobo
Vaults:3: nicolae_vaults_closet_pinwheel_6, grunt_vaults_twisty, v_rooms_2,
          vaults_room_corners, v_misc_16, grunt_vaults_swirl, v_misc_33,
          ontoclasm_vaults_loading_screen, layout_vaults_big_room, uniq_mennas,
          uniq_donald
Vaults:4: v_alt_pattern_6, v_misc_3, nicolae_vaults_trapezoid_lopsided_4,
          vaults_mumra_minichess_inversion, nicolae_vaults_house_3,
          vaults_room_corners, vaults_standard_mumra_x, nicolae_vaults_mitosis,
          v_misc_15, nicolae_vaults_diagonal_hallway_7,
          nicolae_vaults_diagonal_hallway_7, layout_vaults_maze_bifur,
          uniq_margery
Vaults:5: uniq_frederick
Depths:1: minmay_haunted_quarter, layout_gridville, nicolae_tricolors,
          nzn_ghost_randoct, pf_hell_entry_tar_spiral, zin_purify,
          minmay_shop_grove
Depths:2: hangedman_cross_veins, layout_basic, rand_demon_pan_entry_8,
          abyss_entry, hell_entry, lemuel_round_altar,
          infiniplex_staircase_pillars_1, minmay_shop_star
Depths:3: kennysheep_treasure_stockpile, layout_gridlike, enter_ziggurat_d,
          abyss_entry_crystal, minmay_misc_feat_more_columns, hell_entry
Depths:4: grunt_crosshair, layout_basic, abyss_entry, hell_entry, uniq_vv,
          uniq_saint_roka, uniq_xtahua
Zot:1:    layout_gridville
Zot:2:    layout_onion_interference, uniq_parghit
Zot:3:    kennysheep_bubbly, layout_onion, uniq_josephina
Zot:4:    layout_gridlike, st_grand_hoard_of_tiamat, grunt_megastairs_3
Zot:5:    layout_misc_corridors, lemuel_baited_zot_trap

Skill      XL: |  1  2  3  4  5  6  7  8  9 10 11 12 13 14 15 16 17 18 19 20 21 22 23 24 25 26 27 |
---------------+----------------------------------------------------------------------------------+-----
Maces & Flails | 2 3 4 5 6 8 10 11 12 | 12.0
Spellcasting   | 1 2 3 5 6 7 9 10 11 12 13 14 15 16 | 16.0
Fighting       | 3 4 5 6 7 8 9 11 12 14 15 16 17 18 19 20 21 22 23 24 25 | 25.7
Evocations     | 2 6 8 9 10 11 12 13 14 15 | 15.0
Shields        | 3 5 |  5.0
Armour         | 3 5 7 8 9 11 12 13 14 15 17 18 19 21 | 21.0
Dodging        | 3 4 5 6 7 8 9 10 11 12 13 14 15 | 15.5
Staves         | 7 11 | 11.9

Action                     |  1- 3 |  4- 6 |  7- 9 | 10-12 | 13-15 | 16-18 | 19-21 | 22-24 | 25-27 || total
---------------------------+-------+-------+-------+-------+-------+-------+-------+-------+-------++-------
  Melee: Flail             |    53 |       |       |       |       |       |       |       |       ||    53
         Bite              |    16 |    49 |   143 |   265 |   505 |   694 |   647 |   585 |   712 ||  3616
         Whip              |    32 |   179 |   333 |   717 |  1152 |   492 |       |       |       ||  2905
         Mace              |       |       |    94 |       |       |       |       |       |       ||    94
         Lajatang          |       |       |       |       |       |  1028 |  1311 |  1067 |  1196 ||  4602
   Fire: Sling             |    22 |    30 |    49 |     7 |       |       |       |       |       ||   108
  Throw: Boomerang         |       |    20 |       |       |       |       |       |       |       ||    20
         Dart              |       |     2 |    20 |     3 |    12 |    15 |       |    14 |     2 ||    68
         Throwing net      |       |       |       |     4 |       |       |     1 |       |       ||     5
 Invoke: Potion Petition   |       |       |       |     2 |       |       |       |       |     4 ||     6
         Call Merchant     |       |       |       |       |     2 |     4 |     2 |       |     2 ||    10
         Bribe Branch      |       |       |       |       |       |       |       |       |     1 ||     1
  Evoke: Wand              |       |       |       |    22 |    30 |    55 |     2 |     8 |    22 ||   139
         Lightning rod     |       |       |       |       |     5 |     5 |     4 |       |       ||    14
         Phial of floods   |       |       |       |       |     1 |     2 |       |       |       ||     3
         Phantom mirror    |       |       |       |       |       |     3 |     2 |     2 |     2 ||     9
         Sack of spiders   |       |       |       |       |       |       |     2 |     2 |       ||     4
         Condenser vane    |       |       |       |       |       |       |       |       |     2 ||     2
    Use: Potion            |     2 |       |       |     3 |       |     3 |     1 |     3 |     3 ||    15
         Scroll            |     1 |     6 |     4 |    13 |     9 |    12 |    11 |     2 |    17 ||    75
   Stab: Invisible         |     4 |       |       |       |       |     3 |     6 |     1 |       ||    14
         Held in net/web   |       |       |       |     9 |       |       |     2 |       |       ||    11
         Distracted        |       |       |       |     3 |     2 |    17 |     6 |    12 |    11 ||    51
         Paralysed         |       |       |       |     6 |       |    12 |       |       |     2 ||    20
         Confused          |       |       |       |       |       |       |     1 |       |       ||     1
 Armour: Scale mail        |    60 |    39 |    63 |   327 |       |    26 |       |       |       ||   515
         Chain mail        |       |    77 |   269 |    54 |   387 |   734 |   110 |       |       ||  1631
         Ring mail         |       |       |       |       |       |     7 |       |       |       ||     7
         Crystal plate arm |       |       |       |       |       |       |   709 |   225 |       ||   934
         Gold dragon scale |       |       |       |       |       |       |       |   345 |   797 ||  1142
  Dodge: Dodged            |    32 |    63 |   140 |   162 |   247 |   666 |   478 |   326 |   514 ||  2628
  Block: Buckler           |    15 |    25 |    97 |   150 |   371 |   137 |       |       |       ||   795
         Reflection        |       |       |       |       |    13 |     5 |       |       |       ||    18
         Other             |       |       |       |       |       |    50 |       |       |       ||    50

Table legend: (Time is in decaauts)
 A = Elapsed time spent in this place.
 B = Non-inter-level travel time spent in this place.
 C = Inter-level travel time spent in this place.
 D = Time resting spent in this place.
 E = Time spent auto-exploring this place.
 F = Levels seen in this place.
 G = Mean time per level.
                   A        B        C        D        E       F      G
               +--------+--------+--------+--------+--------+-----+--------+
         Total |  60125 |  52864 |   7261 |   2265 |  37127 |  55 | 1093.2 |
       Dungeon |  18658 |  14744 |   3914 |    820 |   9872 |  15 | 1243.9 |
        Temple |     53 |     41 |     12 |      0 |      0 |   1 |   53.0 |
          Lair |   6157 |   5240 |    917 |    182 |   3787 |   5 | 1231.4 |
         Swamp |   2764 |   2612 |    152 |     31 |   2030 |   4 |  691.0 |
   Spider Nest |   5120 |   4776 |    344 |     88 |   3431 |   4 | 1280.0 |
    Slime Pits |   1252 |   1180 |     72 |      0 |    667 |   5 |  250.4 |
  Orcish Mines |   2201 |   1936 |    265 |    236 |   1067 |   2 | 1100.5 |
   Elven Halls |   5005 |   4711 |    294 |    193 |   3619 |   3 | 1668.3 |
        Vaults |   7713 |   7048 |    665 |     78 |   5092 |   5 | 1542.6 |
        Depths |   5061 |   4567 |    494 |    106 |   3540 |   4 | 1265.2 |
           Zot |   5260 |   5131 |    129 |    348 |   3715 |   5 | 1052.0 |
      Ice Cave |    529 |    529 |      0 |      0 |    307 |   1 |  529.0 |
       Volcano |    347 |    347 |      0 |    180 |      0 |   1 |  347.0 |
               +--------+--------+--------+--------+--------+-----+--------+

Top non-repeatable levels by time:
Vaults:5: 2502 daAuts
   Elf:3: 2457 daAuts
Spider:1: 1749 daAuts
   Orc:2: 1681 daAuts
    D:10: 1673 daAuts
  Lair:3: 1660 daAuts
Depths:1: 1561 daAuts
  Lair:5: 1522 daAuts
   Elf:2: 1520 daAuts
   Zot:4: 1505 daAuts
     D:7: 1499 daAuts
Vaults:2: 1498 daAuts
Vaults:3: 1471 daAuts
     D:2: 1437 daAuts
    D:14: 1428 daAuts
